 Dungeon Crawl Stone Soup version 0.30-a0-586-g23e55c9e0a (webtiles) character file.

Game seed: 8918905607922348009

63 Alacron the Poker (level 4, -3/41 HPs)
             Began as a Gnoll Cinder Acolyte on Jan 4, 2023.
             Was a High Priest of Ignis.
             Slain by an iguana (12 damage)
             ... on level 3 of the Dungeon.
             The game lasted 00:07:02 (2872 turns).

Alacron the Poker (Gnoll Cinder Acolyte)            Turns: 2872, Time: 00:07:02

Health: -3/41      AC:  2    Str: 16    XL:     4   Next: 9%
Magic:  8/8        EV: 11    Int: 13    God:    Ignis [*****.]
Gold:   127        SH:  0    Dex:  7    Spells: 9/9 levels left

rFire   + . .      SeeInvis .    a - -1 spear (flame)
rCold   . . .      Faith    .    (no shield)
rNeg    . . .      Spirit   .    b - +0 robe
rPois   .          Reflect  .    (no helmet)
rElec   .          Harm     .    (no cloak)
rCorr   .          Rampage  .    (no gloves)
Will    .....                    (no boots)
Stlth   +                        (no amulet)
HPRegen 0.26/turn                (no ring)
MPRegen 0.11/turn                (no ring)

@: no status effects
A: fangs 1, strong nose, distributed training
a: Renounce Religion, Fiery Armour, Foxfire Swarm, Rising Flame


You were on level 3 of the Dungeon.
You worshipped Ignis.
Ignis was extremely pleased with you.
You visited 1 branch of the dungeon, and saw 3 of its levels.

You collected 127 gold pieces.

Inventory:

Hand Weapons
 a - a -1 spear of flaming (weapon)
Armour
 b - a +0 robe (worn)
Magical Staves
 e - a staff of conjuration
Jewellery
 h - a ring of protection from fire
Scrolls
 f - 2 scrolls of fog {unknown}
 g - 2 scrolls of identify
 i - a scroll of fear {unknown}
Potions
 d - a potion of haste {unknown}
 j - a potion of berserk rage {unknown}
 k - a potion of brilliance {unknown}
 l - a potion of curing {unknown}


   Skills:
 + Level 6.6 Fighting
 + Level 1.1 Short Blades
 + Level 1.1 Long Blades
 + Level 1.1 Axes
 + Level 1.1 Maces & Flails
 + Level 6.6 Polearms
 + Level 1.1 Staves
 + Level 1.1 Ranged Weapons
 + Level 1.1 Throwing
 + Level 1.1 Armour
 + Level 1.1 Dodging
 + Level 1.1 Stealth
 + Level 1.1 Shields
 + Level 1.1 Unarmed Combat
 + Level 3.0 Spellcasting
 + Level 0.8 Conjurations
 + Level 0.8 Hexes
 + Level 0.8 Summonings
 + Level 0.8 Necromancy
 + Level 0.8 Translocations
 + Level 0.8 Transmutations
 + Level 5.4 Fire Magic
 + Level 0.8 Ice Magic
 + Level 0.8 Air Magic
 + Level 0.8 Earth Magic
 + Level 0.8 Poison Magic
 + Level 1.2 Invocations
 + Level 1.1 Evocations


You had 9 spell levels left.
You didn't know any spells.
Your spell library contained the following spells:

 Spells                   Type           Power      Damage    Failure   Level
 Scorch                   Fire           32%        2d7       3%          2


Dungeon Overview and Level Annotations

Branches:
Dungeon (3/15)

Altars:


Innate Abilities, Weirdness & Mutations

You have very sharp teeth.
Your uncanny sense of smell can sniff out nearby items.
Your experience applies equally to all skills.


Message History

You are too injured to fight recklessly!
You are too injured to fight recklessly!
You are too injured to fight recklessly!
You are too injured to fight recklessly!
You closely miss the iguana. The iguana misses you. The iguana bites you.
You closely miss the iguana. You bite the iguana, but do no damage.
The iguana bites you! The iguana attacks as you move away!
The iguana bites you!
* * * LOW HITPOINT WARNING * * *
The iguana attacks as you move away! The iguana barely misses you.
There is an open door here.
Okay, then.
Okay, then.
As you read the scroll labelled NIECVY MEPPASA, it crumbles to dust.
It is a scroll of identify.
c - 2 scrolls of blinking The iguana closely misses you.
Blink to where?
Press: ? - help, Dir - move target
As you read the scroll of blinking, it crumbles to dust.
Blink to where?
Press: ? - help, Dir - move target
As you read the scroll of blinking, it crumbles to dust.
Your -1 spear of flaming bursts into flame!
a - a -1 spear of flaming (weapon)
There is an open door here.
The iguana closely misses you. The iguana bites you.
* * * LOW HITPOINT WARNING * * *
The iguana misses you. The iguana bites you.
* * * LOW HITPOINT WARNING * * *
The iguana misses you.
You hit the iguana. You burn the iguana.
The iguana is moderately wounded.
The iguana bites you but does no damage.
You barely miss the iguana.
The iguana is moderately wounded.
The iguana bites you!
You die...

......#..............#..
#####.####...###.###.#.# #
#.#........#.###.#.#
#####.#.#####.##.##..#.#
.............>.......#.#
#####.#.#####..#.#.....#
#.#........#.#.#.###
#####.#######.#....#.#
...............l@###.#####.#
#####.#######.#.##.........#
#.# #.#..#.#.####### #.#
#.##.#.#..# #.# #.##.#.##†#
#.# #.##.#.##.# #.#
#.##.#.##.# #.# #.##.#.##.#
#.##.#.##.#


You could see an iguana.

Vanquished Creatures
  An adder (D:3)
  A dart slug (D:1)
  14 endoplasms
  A giant cockroach (D:3)
  6 hobgoblins
  3 kobolds
  A quokka (D:2)
  6 ball pythons
  7 bats
  2 frilled lizards (D:1)
  5 rats
47 creatures vanquished.

Notes
Turn   | Place    | Note
-------+----------+-------------------------------------------
     0 | D:1      | Alacron the Gnoll Cinder Acolyte began the quest for the
                  | Orb.
     0 | D:1      | Reached XP level 1. HP: 23/23 MP: 4/4
   243 | D:1      | Reached XP level 2. HP: 29/29 MP: 5/5
   686 | D:1      | Found a faded altar of an unknown god.
   806 | D:1      | Reached XP level 3. HP: 32/35 MP: 7/7
  1199 | D:2      | Reached skill level 1 in Invocations
  1901 | D:2      | Reached skill level 1 in Short Blades
  1901 | D:2      | Reached skill level 1 in Long Blades
  1901 | D:2      | Reached skill level 1 in Axes
  1901 | D:2      | Reached skill level 1 in Maces & Flails
  1901 | D:2      | Reached skill level 1 in Staves
  1901 | D:2      | Reached skill level 1 in Ranged Weapons
  1901 | D:2      | Reached skill level 1 in Throwing
  1901 | D:2      | Reached skill level 1 in Armour
  1901 | D:2      | Reached skill level 1 in Dodging
  1901 | D:2      | Reached skill level 1 in Stealth
  1901 | D:2      | Reached skill level 1 in Shields
  1901 | D:2      | Reached skill level 1 in Unarmed Combat
  1901 | D:2      | Reached skill level 1 in Evocations
  2632 | D:3      | Reached XP level 4. HP: 27/41 MP: 8/8
  2810 | D:3      | HP: 1/41 [iguana (12)]
  2872 | D:3      | Slain by an iguana

Illustrated notes

Levels and vault maps discovered:
D:1:      dpeg_cavernosity, layout_basic,
          hellmonk_ecumenical_altar_leap_of_faith
D:2:      layout_basic, serial_co_window_serial, co_window_paths_a,
          co_window_corner_a, co_window_paths_b, co_window_paths_a,
          co_window_corner_a, co_window_corner_a, co_window_corner_a,
          co_window_corner_b, co_window_of_opportunity_b,
          co_window_of_opportunity_b, co_window_unsneaky_path_a,
          co_window_4corner_a, co_window_paths_e, glass_columns_a,
          glass_columns_a, minmay_tetromino_i2
D:3:      layout_basic

Skill      XL: |  1  2  3 |
---------------+----------+-----
Invocations    | 1 |  1.2
Short Blades   | 1 |  1.1
Long Blades    | 1 |  1.1
Axes           | 1 |  1.1
Maces & Flails | 1 |  1.1
Staves         | 1 |  1.1
Ranged Weapons | 1 |  1.1
Throwing       | 1 |  1.1
Armour         | 1 |  1.1
Dodging        | 1 |  1.1
Stealth        | 1 |  1.1
Shields        | 1 |  1.1
Unarmed Combat | 1 |  1.1
Evocations     | 1 |  1.1
Spellcasting   | 3 |  3.0
Fighting       | |  6.6
Polearms       | |  6.6
Conjurations   | |  0.8
Hexes          | |  0.8
Summonings     | |  0.8
Necromancy     | |  0.8
Translocations | |  0.8
Transmutations | |  0.8
Fire Magic     | |  5.4
Ice Magic      | |  0.8
Air Magic      | |  0.8
Earth Magic    | |  0.8
Poison Magic   | |  0.8

Action                   |  1- 3 |  4- 6 || total
-------------------------+-------+-------++-------
Melee: Spear             |    66 |     2 ||    68
       Bite              |    15 |     1 ||    16
       Staff             |    69 |     4 ||    73
       Punch             |       |     1 ||     1
  Use: Scroll            |       |     3 ||     3
 Stab: Sleeping          |     2 |       ||     2
Armor: Robe              |    18 |     1 ||    19
Dodge: Dodged            |    56 |     7 ||    63

Table legend: (Time is in decaauts)
 A = Elapsed time spent in this place.
 B = Non-inter-level travel time spent in this place.
 C = Inter-level travel time spent in this place.
 D = Time resting spent in this place.
 E = Time spent auto-exploring this place.
 F = Levels seen in this place.
 G = Mean time per level.
                   A        B        C        D        E       F      G
               +--------+--------+--------+--------+--------+-----+--------+
         Total |   2866 |   2704 |    162 |      0 |   2328 |   3 |  955.3 |
       Dungeon |   2866 |   2704 |    162 |      0 |   2328 |   3 |  955.3 |
               +--------+--------+--------+--------+--------+-----+--------+

Top non-repeatable levels by time:
     D:2: 1258 daAuts
     D:1: 1092 daAuts
     D:3: 515 daAuts
